 Dungeon Crawl Stone Soup version 0.30-a0-313-gae38170b09 (webtiles) character file.

Game seed: 12742092921592107141

71 lunkers the Firebug (level 4, 0/33 HPs)
             Began as a Meteoran Fire Elementalist on Oct 26, 2022.
             Was a Believer of Jiyva.
             Slain by a gnoll
             ... wielding a +0 spear
              (8 damage)
             ... on level 4 of the Dungeon.
             The game lasted 00:03:30 (935 turns).

lunkers the Firebug (Meteoran Fire Elementalist)     Turns: 935, Time: 00:03:30

Health: 0/33       AC:  3    Str:  9    XL:     4   Next: 75%
Magic:  2/10       EV: 12    Int: 18    God:    Jiyva [**....]
Gold:   64         SH:  0    Dex: 15    Spells: 7/10 levels left

rFire   . . .      SeeInvis .    (no weapon)
rCold   . . .      Faith    .    (no shield)
rNeg    . . .      Spirit   .    a - +0 robe
rPois   .          Reflect  .    (no helmet)
rElec   .          Harm     .    (no cloak)
rCorr   +          Rampage  .    j - +0 pair of gloves
Will    .....                    (no boots)
Stlth   +.........               (no amulet)
HPRegen 1.21/turn                (no ring)
MPRegen 0.42/turn                (no ring)

@: glowing
A: sense surroundings 1, otherworldly, glowing, explore regen
a: Renounce Religion


You were on level 4 of the Dungeon.
You worshipped Jiyva.
Jiyva was pleased with you.
You visited 1 branch of the dungeon, and saw 4 of its levels.

You collected 64 gold pieces.

Inventory:

Hand Weapons
 f - a +0 sling of electrocution
Armour
 a - a +0 robe (worn)
 j - a +0 pair of gloves (worn)
Scrolls
 e - a scroll of amnesia {unknown}
 g - 2 scrolls of teleportation {unknown}
 i - 3 scrolls of identify {unknown}
 k - a scroll of fog {unknown}
 m - a scroll of poison {unknown}
 n - a scroll of blinking {unknown}
Potions
 b - 2 potions of magic
 c - a potion of flight {unknown}
 d - 3 potions of haste {unknown}
 h - 2 potions of invisibility {unknown}
 l - 2 potions of degeneration {unknown}


   Skills:
 - Level 2.4 Dodging
 - Level 1.4 Stealth
 + Level 3.8 Spellcasting
 - Level 1.2 Conjurations
 * Level 5.3 Fire Magic


You had 7 spell levels left.
You knew the following spells:

 Your Spells              Type           Power      Damage    Failure   Level
a - Foxfire               Conj/Fire      60%        2x1d7     4%          1
b - Scorch                Fire           44%        2d7       2%          2

Your spell library contained the following spells:

 Spells                   Type           Power      Damage    Failure   Level
 Magic Dart               Conj           28%        1d4       9%          1
 Inner Flame              Hex/Fire       13%        N/A       16%         3
 Call Imp                 Summ           3%         N/A       22%         2
 Sublimation of Blood     Necr           3%         N/A       22%         2
 Kindle Blastsparks       Fire/Tloc/Air  18%        2d11      22%         3
 Mephitic Cloud           Conj/Pois/Air  4%         N/A       36%         3
 Flame Wave               Conj/Fire      15%        2d7       36%         4
 Gell's Gravitas          Tloc           3%         N/A       41%         3
 Teleport Other           Tloc           3%         N/A       41%         3
 Petrify                  Tmut/Erth      3%         N/A       83%         4
 Irradiate                Conj/Tmut      2%         3d12      97%         5
 Dispersal                Tloc           1%         N/A       100%        6


Dungeon Overview and Level Annotations

Branches:
Dungeon (4/15) Zot: 1464
 Temple: D:4-7

Altars:
Cheibriados
Uskayaw
Jiyva

Annotations:
D:3 3 runed translucent doors, greasedhog's ghost, amateur GrCK


Innate Abilities, Weirdness & Mutations

You passively map a small area around you.
You are easily found by Zot.
You glow in the dark.
You regain HP and MP as you explore.


Message History

The gnoll closely misses you.
Unknown command.
Casting: Foxfire (safe; 4% risk of failure)
Press: ? - help, Q - select action, (/) - cycle Dir - look around, f - activate You conjure some foxfire!
* * * LOW MAGIC WARNING * * *
The gnoll hits you from afar with a +0 halberd.
* * * LOW HITPOINT WARNING * * *
The foxfire hits the gnoll.
The gnoll is almost dead.
The foxfire hits the gnoll.
You kill the gnoll!
Casting: Foxfire (safe; 4% risk of failure)
Press: ? - help, Q - select action, (/) - cycle Dir - look around, f - activate You conjure some foxfire!
* * * LOW MAGIC WARNING * * *
The gnoll hits you from afar with a +0 spear.
* * * LOW HITPOINT WARNING * * *
A goblin comes into view. It is wielding a +0 club.
The foxfire hits the gnoll but does no damage.
The gnoll is severely wounded.
The foxfire hits the gnoll.
The gnoll is almost dead.
The gnoll hits you from afar with a +0 spear.
* * * LOW HITPOINT WARNING * * *
Casting: Foxfire (safe; 4% risk of failure)
Press: ? - help, Q - select action, (/) - cycle Dir - look around, f - activate You conjure some foxfire!
* * * LOW MAGIC WARNING * * *
The gnoll hits you from afar with a +0 spear!
* * * LOW HITPOINT WARNING * * *
The foxfire hits the goblin.
You kill the goblin!
Casting: Foxfire (safe; 4% risk of failure)
Press: ? - help, Q - select action, (/) - cycle Dir - look around, f - activate You conjure some foxfire!
* * * LOW MAGIC WARNING * * *
Your foxfire dissipates!
The gnoll hits you from afar with a +0 spear!
You die...

**######....#.# *
#...#..#.. * *
#.#######+ * * ##.# ,
,, , ##..# ,_ +,*** ,
#..## ,,+ ,,
######.#########+++#
,#..............v....#
*
#######.###.##@#.######
* , ...# #.##.v§§§§)..
...#####.##g#§######*
#........)....#.#
.....#####.##.#.# ...
####.##)#.##### ...,
.[......).....# * ,
......).)...... * *
####.##)#?#####


You could see a gnoll (ally target).

Vanquished Creatures
  3 gnolls (D:4)
  A worm (D:3)
  7 orcs
  A bat (D:1)
  3 giant cockroaches
  4 goblins
  3 hobgoblins
  3 kobolds
  4 ball pythons
  A frilled lizard (D:3)
  2 rats
32 creatures vanquished.

Vanquished Creatures (others)
  A dart slug (D:2)
  3 orcs (D:3)
  An endoplasm (D:4)
  A hobgoblin (D:3)
  A quokka (D:3)
  A kobold (D:3)
  A rat (D:3)
  125 foxfires
  2 plants (D:1)
136 creatures vanquished.

Grand Total: 168 creatures vanquished

Notes
Turn   | Place    | Note
-------+----------+-------------------------------------------
     0 | D:1      | lunkers the Meteoran Fire Elementalist began the quest for
                  | the Orb.
     0 | D:1      | Reached XP level 1. HP: 14/14 MP: 5/5
    34 | D:1      | Found a faded altar of an unknown god.
    45 | D:1      | Prayed at the altar of an unknown god.
    45 | D:1      | Became a worshipper of Jiyva Jahex the Shapeless
    45 | D:1      | Reached * piety under Jiyva
   225 | D:1      | Reached skill level 4 in Fire Magic
   225 | D:1      | Reached XP level 2. HP: 20/20 MP: 3/6
   261 | D:1      | Learned a level 2 spell: Scorch
   331 | D:2      | Reached XP level 3. HP: 26/26 MP: 2/8
   405 | D:2      | Reached ** piety under Jiyva
   462 | D:2      | Found a snail-covered altar of Cheibriados.
   547 | D:3      | Noticed a +0 hand axe
   548 | D:3      | Noticed a +0 dagger
   584 | D:3      | Found a hide-covered altar of Uskayaw.
   690 | D:3      | Found a runed translucent gate.
   690 | D:3      | Found a runed translucent gate.
   692 | D:3      | Found a runed translucent gate.
   694 | D:3      | Noticed greasedhog's ghost (amateur GrCK)
   915 | D:4      | Reached skill level 5 in Fire Magic
   915 | D:4      | Reached XP level 4. HP: 33/33 MP: 6/10
   935 | D:4      | Slain by a gnoll

Illustrated notes

Levels and vault maps discovered:
D:1:      dpeg_arrival_rooms_a, layout_loops_ring,
          hellmonk_ecumenical_altar_arch_garden, serial_forest,
          infiniplex_forest_diagonal, infiniplex_forest_clump_medium,
          infiniplex_forest_clump_long, infiniplex_forest_clump_medium
D:2:      layout_rooms, basic_altar
D:3:      layout_rooms, dancing_weapons_uskayaw, ebering_ghost_rock_garden,
          uniq_grinder
D:4:      layout_basic, ashenzari_altar_1, mainiacjoe_overflow_big_doors

Skill      XL: |  1  2  3 |
---------------+----------+-----
Fire Magic     | 4 5 |  5.3
Spellcasting   | 3 |  3.8
Dodging        | |  2.4
Stealth        | |  1.4
Conjurations   | |  1.2

Action                   |  1- 3 |  4- 6 || total
-------------------------+-------+-------++-------
 Cast: Foxfire           |    62 |    13 ||    75
       Scorch            |     2 |       ||     2
Armor: Robe              |     5 |       ||     5
Dodge: Dodged            |     6 |     9 ||    15

Table legend: (Time is in decaauts)
 A = Elapsed time spent in this place.
 B = Non-inter-level travel time spent in this place.
 C = Inter-level travel time spent in this place.
 D = Time resting spent in this place.
 E = Time spent auto-exploring this place.
 F = Levels seen in this place.
 G = Mean time per level.
                   A        B        C        D        E       F      G
               +--------+--------+--------+--------+--------+-----+--------+
         Total |    934 |    841 |     93 |      0 |    551 |   4 |  233.5 |
       Dungeon |    934 |    841 |     93 |      0 |    551 |   4 |  233.5 |
               +--------+--------+--------+--------+--------+-----+--------+

Top non-repeatable levels by time:
     D:1: 318 daAuts
     D:3: 282 daAuts
     D:2: 216 daAuts
     D:4: 116 daAuts
